 Dungeon Crawl Stone Soup version 0.29-a0-477-g62b78b4225 (webtiles) character file.

Game seed: 5730928954062728723

221 Infinimo the Cudgeller (level 5, -4/39 (41) HPs)
             Began as a Demonspawn Gladiator on May 24, 2022.
             Slain by an orc
             ... wielding a +2 mace of draining
              (6 damage)
             ... on level 4 of the Dungeon.
             The game lasted 00:02:35 (3696 turns).

Infinimo the Cudgeller (Demonspawn Gladiator)       Turns: 3696, Time: 00:02:35

HP:   -4/39 (41)    AC:  4    Str: 14    XL:     5   Next: 65%
MP:   5/5           EV: 13    Int: 12    God:
Gold: 7             SH:  0    Dex: 16    Spells: 4/4 levels left

rFire   . . .      SeeInvis .   a - +0 flail
rCold   . . .      Faith    .   (no shield)
rNeg    . . .      Spirit   .   b - +0 leather armour
rPois   .          Reflect  .   c - +0 helmet
rElec   .          Harm     .   (no cloak)
rCorr   .          Rampage  .   (no gloves)
Will    .....                   (no boots)
Stlth   ++........              (no amulet)
HPRegen 0.13/turn               (no ring)
MPRegen 0.09/turn               (no ring)

@: lightly drained
A: thin skeletal structure 1, demonic guardian 1, foul stench 1, demonic touch 1
a: no special abilities


You were on level 4 of the Dungeon.
You visited 1 branch of the dungeon, and saw 4 of its levels.

You collected 176 gold pieces.
You spent 169 gold pieces at shops.

Inventory:

Hand Weapons
 a - a +0 flail (weapon)
Missiles
 d - 3 throwing nets (quivered)
 e - a javelin
Armour
 b - a +0 leather armour (worn)
 c - a +0 helmet (worn)
Scrolls
 f - 2 scrolls of noise {unknown}
 h - a scroll of blinking {unknown}
 i - a scroll of fog {unknown}
 j - a scroll of enchant armour {unknown}
 k - 2 scrolls of enchant weapon {unknown}
 l - 2 scrolls of vulnerability {unknown}
 p - a scroll of immolation {unknown}
 q - a scroll of teleportation {unknown}
 r - 4 scrolls of identify {unknown}
 s - a scroll of fear {unknown}
Potions
 g - 5 potions of curing
 m - a potion of ambrosia {unknown}
 n - 3 potions of might
 o - a potion of heal wounds {unknown}
 t - 2 potions of flight


   Skills:
 + Level 3.3 Fighting
 * Level 4.6 Maces & Flails
 - Level 1.7 Throwing
 + Level 3.6 Dodging


You had 4 spell levels left.
You didn't know any spells.
Your spell library contained the following spells:

 Spells                   Type           Power      Damage    Failure   Level
 Freeze                   Ice            0%         1d3       38%         1
 Magic Dart               Conj           0%         1d3       38%         1
 Call Imp                 Summ           0%         N/A       54%         2
 Frozen Ramparts          Ice            0%         1d2       77%         3
 Mephitic Cloud           Conj/Pois/Air  0%         N/A       77%         3
 Hailstorm                Conj/Ice       0%         3d3       99%         4


Dungeon Overview and Level Annotations

Branches:
Dungeon (4/15)
 Temple: D:4-7

Altars:

Shops:
D:3 =   D:4 !


Innate Abilities, Weirdness & Mutations

You have a somewhat thin skeletal structure. (Dex +2, Stealth+)
A weak demonic guardian rushes to your aid.
You may rarely emit foul miasma when damaged in melee.
Your touch may inflict minor irresistible damage on your foes.


Message History

You are confused.
You hear some strange, mumbled words.
You are more confused.
You bump into the rock wall.
Something hits you.
You bump into the rock wall.
Something hits you.
You bump into the rock wall.
Something hits you.
You bump into the rock wall.
You hear some strange, mumbled words.
You are more confused.
You hear some strange, mumbled words.
You are more confused.
You bump into the rock wall.
Something hits you.
You bump into the rock wall.
Something hits you.
* * * LOW HITPOINT WARNING * * *
You bump into the rock wall.
Something barely misses you.
You bump into the rock wall.
You hit something. Something hits you.
* * * LOW HITPOINT WARNING * * *
You bump into the rock wall.
You bump into the rock wall.
Something hits you.
* * * LOW HITPOINT WARNING * * *
A demonic guardian appears!
You emit a cloud of foul miasma!
You hit something.
Reactivating autopickup.
You feel a bit more experienced.
You bump into the rock wall.
You bump into the rock wall.
You bump into the rock wall.
You bump into the rock wall.
You bump into the rock wall.
The orc hits you with a +2 mace of draining.
* * * LOW HITPOINT WARNING * * *
You feel drained.
The orc hits you with a +2 mace of draining.
* * * LOW HITPOINT WARNING * * *
You feel drained.
* * * LOW HITPOINT WARNING * * *
You feel less confused.
The orc hits you with a +2 mace of draining.
You die...

### ..# #.# #.# .... #.#
#.......# #o# #.......#
#@###.......# .
######5#.........#
#.#.....≈≈≈........###
........≈≈≈≈≈...[...#..
.#.#......∩≈≈.......#.####
#....≈≈≈≈≈.......#.#...
#.....≈≈≈.†).....#....#
#............###.......
#............# #.......


You could see an orc (ally target) and a friendly quasit (summoned).

Vanquished Creatures
  A hound (D:4)
  Jessica (D:2)
  2 orc wizards (D:4)
  Natasha (D:2)
  An adder (D:3)
  2 worms
  2 dart slugs (D:1)
  3 orcs
  6 bats
  7 endoplasms
  7 giant cockroaches
  10 goblins
  5 hobgoblins
  4 kobolds (D:1)
  2 quokkas (D:1)
  3 ball pythons (D:1)
  3 frilled lizards
  4 rats
64 creatures vanquished.

Vanquished Creatures (collateral kills)
  A goblin (D:2)
  A hobgoblin (D:1)
  A bat (D:3)
3 creatures vanquished.

Grand Total: 67 creatures vanquished

Notes
Turn   | Place    | Note
-------+----------+-------------------------------------------
     0 | D:1      | Infinimo the Demonspawn Gladiator began the quest for the
                  | Orb.
     0 | D:1      | Reached XP level 1. HP: 16/16 MP: 1/1
   160 | D:1      | Reached skill level 3 in Maces & Flails
   164 | D:1      | Gained mutation: A weak demonic guardian rushes to your
                  | aid. [demonic ancestry]
   164 | D:1      | Reached XP level 2. HP: 18/22 MP: 2/2
   671 | D:1      | Gained mutation: You may rarely emit foul miasma when
                  | damaged in melee. [demonic ancestry]
   671 | D:1      | Reached XP level 3. HP: 28/28 MP: 3/3
  1310 | D:2      | Noticed Jessica
  1564 | D:2      | Killed Jessica
  1565 | D:2      | Gained mutation: You have a somewhat thin skeletal
                  | structure. (Dex +2, Stealth+) [demonic ancestry]
  1565 | D:2      | Reached XP level 4. HP: 34/34 MP: 4/4
  2031 | D:2      | Noticed Natasha
  2048 | D:2      | Killed Natasha
  2049 | D:2      | Reached skill level 4 in Maces & Flails
  2595 | D:3      | Found a faded altar of an unknown god.
  3127 | D:3      | Found Osyhiera's Jewellery Boutique.
  3537 | D:4      | Gained mutation: Your touch may inflict minor irresistible
                  | damage on your foes. [demonic ancestry]
  3537 | D:4      | Reached XP level 5. HP: 38/41 MP: 5/5
  3565 | D:4      | Found Qodux's Distillery.
  3642 | D:4      | Bought a potion of curing for 39 gold pieces
  3642 | D:4      | Bought a potion of might for 52 gold pieces
  3642 | D:4      | Bought 2 potions of flight for 78 gold pieces
  3695 | D:4      | HP: 1/39 [orc/+2 mace of draining (2)]
  3696 | D:4      | Slain by an orc

Illustrated notes

Levels and vault maps discovered:
D:1:      dpeg_arrival_lava_temple_mockup, layout_loops_ring, minivault_24,
          minmay_vboxes
D:2:      layout_basic, uniq_natasha, uniq_jessica
D:3:      layout_basic, serial_shops, shop, ebering_ecumenical_altar_webs
D:4:      layout_basic, overflow_temple_1_default, serial_shops,
          nicolae_shop_waterfront, nicolae_inconvenience_store

Skill      XL: |  1  2  3  4 |
---------------+-------------+-----
Maces & Flails | 3 4 |  4.6
Dodging        | 3 |  3.6
Fighting       | 3 |  3.3
Throwing       | |  1.7

Action                   |  1- 3 |  4- 6 || total
-------------------------+-------+-------++-------
Melee: Flail             |   110 |   104 ||   214
       Punch             |     2 |       ||     2
       Touch             |       |     4 ||     4
 Stab: Sleeping          |     4 |     4 ||     8
Armor: Leather armour    |    33 |    26 ||    59
Dodge: Dodged            |    65 |    60 ||   125

Table legend: (Time is in decaauts)
 A = Elapsed time spent in this place.
 B = Non-inter-level travel time spent in this place.
 C = Inter-level travel time spent in this place.
 D = Time resting spent in this place.
 E = Time spent auto-exploring this place.
 F = Levels seen in this place.
 G = Mean time per level.
                   A        B        C        D        E       F      G
               +--------+--------+--------+--------+--------+-----+--------+
         Total |   3752 |   3674 |     78 |      2 |   3167 |   4 |  938.0 |
       Dungeon |   3752 |   3674 |     78 |      2 |   3167 |   4 |  938.0 |
               +--------+--------+--------+--------+--------+-----+--------+

Top non-repeatable levels by time:
     D:1: 1538 daAuts
     D:3: 974 daAuts
     D:2: 959 daAuts
     D:4: 281 daAuts
